 Dungeon Crawl Stone Soup version 0.29-a0-845-g6161e89988 (webtiles) character file.

Game seed: 4580979126049959624

42 Spectrina the Magician (level 3, 0/28 HPs)
             Began as a Djinni Warper on July 16, 2022.
             Slain by a gnoll
             ... wielding a +0 club
              (1 damage)
             ... on level 2 of the Dungeon.
             The game lasted 00:04:04 (333 turns).

Spectrina the Magician (Djinni Warper)               Turns: 333, Time: 00:04:05

Health: 0/28       AC:  3    Str: 10    XL:     3   Next: 77%
Gold:   22         EV: 11    Int: 16    God:
                   SH:  0    Dex: 12

rFire   + + .      SeeInvis .   f - +2 halberd (venom)
rCold   x . .      Faith    .   (shield currently unavailable)
rNeg    . . .      Spirit   .   b - +0 leather armour
rPois   ∞          Reflect  .   (no helmet)
rElec   .          Harm     .   (no cloak)
rCorr   .          Rampage  .   (no gloves)
Will    .....                   (boots unavailable)
Stlth   +.........              (no amulet)
HPRegen 0.09/turn               (no ring)
MPRegen 0.00/turn               (no ring)

@: attractive, flying, hasted, very quick
A: sickness immunity, fire resistance 2, cold vulnerability 1, float, innate
caster, HP casting, extra vitality 1
a: no special abilities


You were on level 2 of the Dungeon.
You visited 1 branch of the dungeon, and saw 3 of its levels.

You collected 42 gold pieces.
You spent 20 gold pieces at shops.

Inventory:

Hand Weapons
 a - a +0 falchion
 f - a +2 halberd of venom (weapon)
Missiles
 d - 7 boomerangs of dispersal (quivered)
Armour
 b - a +0 leather armour (worn)
Scrolls
 c - a scroll of blinking
 e - a scroll of identify
 g - a scroll of enchant weapon {unknown}


   Skills:
 - Level 2.0 Fighting
 - Level 1.7 Long Blades
 - Level 0.7 Throwing
 - Level 1.0 Armour
 - Level 2.1 Dodging
 + Level 3.5 Spellcasting


You couldn't memorise any spells.
You knew the following spells:

 Your Spells              Type           Power      Damage    Failure   Level
a - Slow                  Hex            56%        N/A       6%          1
b - Blink                 Tloc           28%        N/A       9%          2
d - Teleport Other        Tloc           14%        N/A       17%         3
p - Gell's Gravitas       Tloc           14%        N/A       17%         3
q - Lesser Beckoning      Tloc           14%        N/A       17%         3
y - Manifold Assault      Tloc           14%        N/A       85%         5
Your spell library was empty.

Dungeon Overview and Level Annotations

Branches:
Dungeon (3/15)

Altars:

Shops:
D:1 ?


Innate Abilities, Weirdness & Mutations

You are immune to sickness and miasma.
You are immune to poison.
Your flesh is very heat resistant. (rF++)
You are vulnerable to cold. (rC-)
You float through the air rather than walking.
You learn spells naturally, not from books.
Your magical power is your life essence.
You have superior vitality. (+4 MHP)


Message History

The gnoll is severely wounded.
The gnoll hits you with a +0 club.
The gnoll hits you with a +2 halberd of venom!
The gnoll hits you with a +0 whip!
* * * LOW HITPOINT WARNING * * *
Unknown command.
You feel much better. The gnoll closely misses you.
The gnoll hits you with a +2 halberd of venom.
It was a potion of haste.
You feel yourself speed up. The gnoll barely misses you.
The gnoll hits you with a +0 whip.
Unknown command.
You hit the gnoll.
The gnoll is almost dead.
The gnoll hits you with a +0 club. The gnoll closely misses you.
You hit the gnoll.
You kill the gnoll!
The gnoll barely misses you. The gnoll hits you but does no damage.
Unknown command.
Things that are here:
a +2 halberd of venom; a gnoll corpse Your +2 halberd of venom begins to drip with poison!
f - a +2 halberd of venom (weapon)
Unknown command.
You puncture the gnoll!
The gnoll is poisoned.
The gnoll is severely wounded.
The gnoll barely misses you. The gnoll hits you with a +0 club.
Unknown command.
You barely miss the gnoll. The gnoll hits you with a +0 club.
The gnoll closely misses you.
You closely miss the gnoll. The gnoll barely misses you.
You closely miss the gnoll. The gnoll closely misses you.
The gnoll hits you with a +0 club.
You closely miss the gnoll. You hit the gnoll.
The gnoll is poisoned.
The gnoll is moderately wounded.
The gnoll is no longer moving slowly.
The gnoll barely misses you. The gnoll hits you with a +0 whip!
* * * LOW HITPOINT WARNING * * *
The gnoll hits you with a +0 club.
You die...

g..#######)........ .g
######.#.#.#.#.#.#.# #
#.................. .
#.......#.#.#.#.#.#...
#.....................
#####........#.#.#.#.#...
........................
......#####...#.#.#.#.#
......# #.....@....#
...^..# #.....gg...#
...#### ##.........# ..##
########### .. ..


You could see 2 gnolls.

Vanquished Creatures
  2 gnolls (D:2)
  An adder (D:2)
  An endoplasm (D:1)
  A hobgoblin (D:2)
  5 jackals (D:1)
  A quokka (D:2)
  A ball python (D:1)
  A rat (D:2)
13 creatures vanquished.

Notes
Turn   | Place    | Note
-------+----------+-------------------------------------------
     0 | D:1      | Spectrina the Djinni Warper began the quest for the Orb.
     0 | D:1      | Spectrina set off with the following spells memorised:
                  | Blink, Lesser Beckoning, Gell's Gravitas, Teleport Other,
                  | Manifold Assault.
     0 | D:1      | Reached XP level 1. HP: 18/18 MP: 0/0
    65 | D:1      | Found Ozonnuh's Magic Scroll Shop.
    91 | D:1      | Reached XP level 2. HP: 9/23 MP: 0/0
    97 | D:1      | Bought a scroll of identify for 20 gold pieces
   230 | D:2      | Reached skill level 3 in Spellcasting
   284 | D:2      | Reached XP level 3. HP: 16/28 MP: 0/0
   284 | D:2      | Learned a level 1 spell: Slow
   333 | D:2      | HP: 1/28 [gnoll/+0 whip (8)]
   333 | D:2      | Slain by a gnoll

Illustrated notes

Levels and vault maps discovered:
D:1:      dpeg_arrival_brainrot, layout_basic, serial_shops, shop,
          minmay_surrounded
D:2:      layout_basic, minivault_14, kennysheep_pointless_box,
          grunt_ministairs_11, hex_medium
D:3:      minmay_thinvault, layout_basic, nicolae_overflow_quartered_altars,
          kennysheep_generic_room_14

Skill      XL: |  1  2 |
---------------+-------+-----
Spellcasting   | 3 |  3.5
Fighting       | |  2.0
Long Blades    | |  1.7
Throwing       | |  0.7
Armour         | |  1.0
Dodging        | |  2.1

Action                   || total
-------------------------++-------
Melee: Falchion          ||    60
       Halberd           ||     6
       Punch             ||     1
 Cast: Slow              ||     3
  Use: Potion            ||     4
Armor: Leather armour    ||    17
Dodge: Dodged            ||    55

Table legend: (Time is in decaauts)
 A = Elapsed time spent in this place.
 B = Non-inter-level travel time spent in this place.
 C = Inter-level travel time spent in this place.
 D = Time resting spent in this place.
 E = Time spent auto-exploring this place.
 F = Levels seen in this place.
 G = Mean time per level.
                   A        B        C        D        E       F      G
               +--------+--------+--------+--------+--------+-----+--------+
         Total |    342 |    342 |      0 |      0 |      0 |   3 |  114.0 |
       Dungeon |    342 |    342 |      0 |      0 |      0 |   3 |  114.0 |
               +--------+--------+--------+--------+--------+-----+--------+

Top non-repeatable levels by time:
     D:1: 203 daAuts
     D:2: 133 daAuts
     D:3: 5 daAuts
